 Dungeon Crawl Stone Soup version 0.31-a0-662-g684573625c (webtiles) character file.

Game seed: 15376018899095845194

136 arthad the Chopper (level 4, -1/41 HPs)
             Began as a Minotaur Berserker on Aug 31, 2023.
             Was a Priest of Trog.
             Killed from afar by Ijyb (3 damage)
             ... with a bolt of acid
             ... on level 3 of the Dungeon.
             The game lasted 00:02:00 (1821 turns).

arthad the Chopper (Minotaur Berserker)             Turns: 1821, Time: 00:02:00

Health: -1/41      AC: 10    Str: 22 (23) XL:     4   Next: 98%
Magic:  3/3        EV:  7    Int:  3 (4)  God:    Trog [***...]
Gold:   68         SH:  0    Dex:  7 (10) Spells: 3/3 levels left

rFire   . . .        a - +0 hand axe
rCold   . . .        (no shield)
rNeg    . . .        d - +0 plate armour
rPois   .            (helmet restricted)
rElec   .            (no cloak)
rCorr   .            (no gloves)
SInv    .            p - +2 pair of boots
Will    .....        (no amulet) Stlth
                     (no ring)
HPRegen 0.26/turn    (no ring)
MPRegen 0.08/turn

%: no passive effects
@: corroded, attractive
A: horns 2, retaliatory headbutt
a: Renounce Religion, Berserk, Trog's Hand


You were on level 3 of the Dungeon.
You worshipped Trog.
Trog was most pleased with you.
You visited 1 branch of the dungeon, and saw 3 of its levels.

You collected 68 gold pieces.

Inventory:

Hand Weapons
 a - a +0 hand axe (weapon)
 e - a +2 sling of freezing
Missiles
 q - 2 throwing nets
Armour
 b - a +0 animal skin
 d - a +0 plate armour (worn)
 p - a +2 pair of boots (worn)
Scrolls
 c - 2 scrolls of amnesia {unknown}
 g - a scroll of noise {unknown}
 h - a scroll of revelation {unknown}
 i - 7 scrolls of identify {unknown}
 j - a scroll of fog {unknown}
 m - 2 scrolls of teleportation {unknown}
 n - 2 scrolls of enchant armour {unknown}
Potions
 f - a potion of degeneration
 o - a potion of cancellation {unknown}


   Skills:
 + Level 4.6 Fighting
 + Level 4.6 Axes
 + Level 3.7 Armour
 + Level 3.4 Dodging


You had 3 spell levels left.
You didn't know any spells.
Your spell library contained the following spells:

 Spells                   Type           Power      Damage    Failure   Level
 Wereblood                Tmut           0%         N/A       100%        2
 Vhi's Electric Charge    Tloc/Air       0%         N/A       100%        4
 Arcjolt                  Conj/Air       0%         1d10      100%        5
 Irradiate                Conj/Tmut      0%         3d11      100%        5
 Maxwell's Capacitive Co  Air            0%         ∞         100%        8


Dungeon Overview and Level Annotations

Branches:
Dungeon (3/15)

Altars:

Annotations:
D:3 Ijyb


Innate Abilities, Weirdness & Mutations

You have a pair of horns on your head.
You reflexively headbutt those who attack you in melee.


Message History

No target in view!
No target in view!
No target in view!
No target in view!
Things that are here:
a +0 helmet; an adder corpse
Found a ring mail.
Ijyb the Twisted Goblin comes into view.
She is wielding a +0 dagger and carrying a wand of acid.
Ijyb is nearby!
Found a whip.
You aren't carrying any items that you can evoke.
You throw a poisoned dart. The poisoned dart closely misses Ijyb.
You throw a poisoned dart. The poisoned dart closely misses Ijyb.
Ijyb zaps a wand.
The bolt of acid hits you!
You throw a poisoned dart. The poisoned dart hits Ijyb.
Ijyb is poisoned.
Ijyb zaps a wand.
The bolt of acid hits you!
You throw a poisoned dart. The poisoned dart barely misses Ijyb.
You throw a poisoned dart. The poisoned dart hits Ijyb.
Ijyb looks even sicker.
Ijyb is lightly wounded.
You throw a poisoned dart. The poisoned dart hits Ijyb.
Ijyb is lightly wounded.
You closely miss Ijyb.
Ijyb is lightly wounded.
Ijyb hits you with a +0 dagger.
You closely miss Ijyb.
Ijyb is lightly wounded.
Ijyb zaps a wand.
The bolt of acid hits you!
* * * LOW HITPOINT WARNING * * *
The acid corrodes you! Ijyb hits you but does no damage.
You are too injured to fight recklessly!
You are too injured to fight recklessly!
It was a potion of degeneration.
There was something very wrong with that liquid.
You feel weakened.
You feel dopey.
You feel clumsy.
Ijyb zaps a wand.
The bolt of acid hits you!
* * * LOW HITPOINT WARNING * * *
It was a potion of attraction.
You feel attractive to monsters.
Ijyb zaps a wand.
The bolt of acid hits you.
You die...

#.####.#####.##.#
.. #.# #.# #.##.#
## #.# #.# #.##.#
#.# #... #.#..#
#.# ###.###.#.##
#.# #.#...# #.#
#..[### ##..##
#..@.# #.##g# ...
... #... #(#.#
#..# (# .) [...
.. ## ... ... .(


You could see Ijyb (poisoned).

Vanquished Creatures
  An orc priest (D:3)
  A gnoll (D:1)
  3 adders
  A worm (D:3)
  4 dart slugs
  4 orcs (D:3)
  5 bats (D:1)
  3 endoplasms
  2 giant cockroaches
  4 goblins
  6 hobgoblins
  A quokka (D:2)
  5 ball pythons
  6 frilled lizards
  8 kobolds
  4 rats
58 creatures vanquished.

Notes
Turn   | Place    | Note
-------+----------+-------------------------------------------
     0 | D:1      | arthad the Minotaur Berserker began the quest for the Orb.
     0 | D:1      | Reached XP level 1. HP: 19/19 MP: 0/0
   145 | D:1      | Reached XP level 2. HP: 25/27 MP: 1/1
   216 | D:1      | Reached XP level 3. HP: 33/33 MP: 2/2
   391 | D:1      | Reached ** piety under Trog
   493 | D:1      | Found a faded altar of an unknown god.
   795 | D:2      | Reached XP level 4. HP: 31/40 MP: 3/3
  1795 | D:3      | Reached *** piety under Trog
  1810 | D:3      | Noticed Ijyb
  1820 | D:3      | HP: 2/41 [Ijyb/bolt of acid (9)]
  1821 | D:3      | Killed from afar by Ijyb

Illustrated notes

Levels and vault maps discovered:
D:1:      minmay_arrival_stair_chambers, layout_basic,
          dilly_ecumenical_altar_fadedgnrine
D:2:      layout_loops_cross, serial_rivers, chequers_serial_rivers_large_a,
          chequers_serial_rivers_micro_a, chequers_serial_rivers_room_a,
          chequers_serial_rivers_large_b, chequers_serial_rivers_micro_b,
          chequers_serial_rivers_marsh
D:3:      layout_rooms, nicolae_qazlal_beasts_of_the_sky, st_stairs_12,
          minmay_misc_feat_roman, uniq_ijyb, uniq_crazy_yiuf_cottage

Skill      XL: |  1  2  3 |
---------------+----------+-----
Fighting       | 4 |  4.6
Axes           | 4 |  4.6
Armour         | 3 |  3.7
Dodging        | 3 |  3.4

Action                     |  1- 3 |  4- 6 || total
---------------------------+-------+-------++-------
  Melee: Hand axe          |    93 |    49 ||   142
         Headbutt          |    13 |    10 ||    23
         Punch             |     2 |       ||     2
  Throw: Dart              |       |     6 ||     6
    Use: Potion            |       |     2 ||     2
 Armour: Plate armour      |    77 |    41 ||   118
  Dodge: Dodged            |    42 |    20 ||    62

Table legend: (Time is in decaauts)
 A = Elapsed time spent in this place.
 B = Non-inter-level travel time spent in this place.
 C = Inter-level travel time spent in this place.
 D = Time resting spent in this place.
 E = Time spent auto-exploring this place.
 F = Levels seen in this place.
 G = Mean time per level.
                   A        B        C        D        E       F      G
               +--------+--------+--------+--------+--------+-----+--------+
         Total |   1874 |   1777 |     97 |      0 |   1422 |   3 |  624.7 |
       Dungeon |   1874 |   1777 |     97 |      0 |   1422 |   3 |  624.7 |
               +--------+--------+--------+--------+--------+-----+--------+

Top non-repeatable levels by time:
     D:2: 954 daAuts
     D:1: 784 daAuts
     D:3: 135 daAuts
